 Dungeon Crawl Stone Soup version 0.19-a0-1007-g133f65f (webtiles) character file.

47 Implojin the Slasher (level 3, -2/31 HPs)
             Began as a Minotaur Fighter on July 20, 2016.
             Slain by a hound (4 damage)
             ... on level 4 of the Dungeon.
             The game lasted 00:01:29 (148 turns).

Implojin the Slasher (Minotaur Fighter)              Turns: 148, Time: 00:01:30

Health: -2/31      AC:  6    Str: 25    XL:     3   Next: 48%
Magic:  2/2        EV:  7    Int:  5    God:
Gold:   0          SH:  9    Dex: 10    Spells: 0 memorised, 2 levels left

rFire  . . .     SeeInvis .     a - +0 long sword
rCold  . . .     Gourm    .     b - +0 scale mail
rNeg   . . .     Faith    .     c - +0 shield
rPois  .         Spirit   .     (helmet restricted)
rElec  .         Dismiss  .     (no cloak)
rCorr  .         Reflect  .     (no gloves)
SustAt .         Harm     .     (no boots)
MR     .....                    (no amulet)
Stlth  ..........               (no ring)
                                (no ring)

@: mighty, not resistant to hostile enchantments, extremely unstealthy
A: retaliatory headbutt, horns 2
a: no special abilities


You were on level 4 of the Dungeon.
You were not hungry.

You visited 1 branch of the dungeon, and saw 4 of its levels.

Inventory:

Hand Weapons
 a - a +0 long sword (weapon)
 d - a +0 flail
Armour
 b - a +0 scale mail (worn)
 c - a +0 shield (worn)
 l - a +1 leather armour of magic resistance
Scrolls
 e - a scroll of fear {unknown}
 g - a scroll of enchant weapon {unknown}
 i - a scroll of enchant armour {unknown}
 j - a scroll of immolation {unknown}
 k - a scroll of fog {unknown}
Comestibles
 f - a bread ration
 h - a chunk of flesh


   Skills:
 - Level 3.6 Fighting
 * Level 4.7 Long Blades
 - Level 3.6 Armour
 - Level 3.6 Shields


You had 2 spell levels left.
You didn't know any spells.

Dungeon Overview and Level Annotations

Branches:
Dungeon (4/15)
 Temple: D:4-7

Altars:

Shops:
D:4 [


Innate Abilities, Weirdness & Mutations

You reflexively headbutt those who attack you in melee.
You have a pair of horns on your head.


Message History

You barely miss the worker ant. Your headbutt misses the worker ant.
The worker ant is lightly wounded.
A hound comes into view.
Unknown command.
Unknown command.
The hound barks!
You slash the worker ant!
You kill the worker ant!
You have reached level 3!
Your experience leads to an increase in your attributes!
Your base attributes are Str 20, Int 5, Dex 9.
Increase (S)trength, (I)ntelligence, or (D)exterity?
You feel agile.
An orc comes into view.
d - a flail The orc shouts!
You hear some strange, mumbled words.
A magic dart appears from out of thin air!
The magic dart hits you!
* * * LOW HITPOINT WARNING * * *
You see here a worker ant corpse.
Unknown command.
You miss something. You block the orc's attack.
Something hits you but does no damage. The orc barely misses you.
Something hits you.
* * * LOW HITPOINT WARNING * * *
An orc wizard comes into view. It is wielding a dagger.
Unknown command.
Your shield prevents you from hitting something.
The orc wizard shouts!
Something hits you but does no damage. The hound bites you but does no damage.
The orc closely misses you. You furiously retaliate!
You headbutt the orc!
You kill the orc!
An orc comes into view. It is wielding a dagger.
Unknown command.
Unknown command.
Your shield and scale mail prevent you from hitting something.
The orc shouts!
Your headbutt misses something. The hound bites you.
You die...

#...... #
#...#.######### #
#.............######
#...........# .....
#...........# ##....
##...........###.....
#....................
#...h..............##
#...@................
#...{).......##....).
#...o........##.####(
#.......##...##.# #.
#.......###..##.. ...
#....o.$# #......###.
#..<..... ........ ..
#...o...###..>..#....
#..#.####..


You could see a hound, an orc wizard and 2 orcs.

Vanquished Creatures
  A worker ant (D:4)
  An adder (D:2)
  2 orcs (D:4)
  2 bats (D:2)
  A giant cockroach (D:2)
  2 hobgoblins
  A quokka (D:4)
  2 giant newts (D:2)
  A quokka skeleton (D:4)
13 creatures vanquished.

Notes
Turn   | Place    | Note
-------+----------+-------------------------------------------
     0 | D:1      | Implojin the Minotaur Fighter began the quest for the Orb.
     0 | D:1      | Reached XP level 1. HP: 19/19 MP: 0/0
    26 | D:2      | Reached skill level 3 in Long Blades
    26 | D:2      | Reached XP level 2. HP: 20/26 MP: 1/1
    95 | D:4      | Found Cotsisew's Armour Shoppe.
   138 | D:4      | Reached skill level 4 in Long Blades
   143 | D:4      | Reached XP level 3. HP: 10/31 MP: 2/2
   148 | D:4      | Slain by a hound

Vault maps used:
D:1:      minmay_arrival_four_houses
D:2:      grunt_temple_overflow_forces_of_nature,
          nicolae_overflow_crystal_walls, first_bread
D:3:      nicolae_qazlal_style_of_elements, uniq_jessica, uniq_robin,
          uniq_crazy_yiuf_cottage, uniq_iyjb
D:4:      serial_shops, shop, shop, shop, shop, shop

Skill      XL: |  1  2 |
---------------+-------+-----
Long Blades    | 3 4 |  4.7
Fighting       | |  3.6
Armour         | |  3.6
Shields        | |  3.6

Action                   || total
-------------------------++-------
Melee: Long sword        ||    41
       Headbutt          ||     3
  Use: Potion            ||     1
Armor: Scale mail        ||    21
Dodge: Dodged            ||    15
Block: Shield            ||    17

Table legend:
 A = Turns spent in this place as a percentage of turns spent in the entire game.
 B = Non-inter-level travel turns spent in this place as a percentage of non-inter-level travel turns spent in the entire game.
 C = Inter-level travel turns spent in this place as a percentage of turns spent in this place.
 D = Turns resting spent in this place as a percentage of non-inter-level travel turns spent in this place.
 E = Turns spent auto-exploring this place as a percentage of non-inter-level travel turns spent in this place.
 F = Non-inter-level travel turns spent in this place divided by the number of levels of this place that you've seen.
                   A       B       C       D       E      F
               +-------+-------+-------+-------+-------+----------------------
         Total | 100.0 | 100.0 |   0.0 |   0.0 |   0.0 |  41.0
       Dungeon | 100.0 | 100.0 |   0.0 |   0.0 |   0.0 |  41.0
               +-------+-------+-------+-------+-------+----------------------

Table legend:
 A = Kills in this place as a percentage of kills in entire the game.
 B = Kills by you in this place as a percentage of kills by you in the entire game.
 C = Kills by friends in this place as a percentage of kills by friends in the entire game.
 D = Other kills in this place as a percentage of other kills in the entire game.
 E = Experience gained in this place as a percentage of experience gained in the entire game.
 F = Experience gained in this place divided by the number of levels of this place that you have seen.
                   A       B       C       D       E      F
               +-------+-------+-------+-------+-------+----------------------
         Total | 100.0 | 100.0 |  -nan |  -nan | 100.0 |  17.0
       Dungeon | 100.0 | 100.0 |  -nan |  -nan | 100.0 |  17.0
               +-------+-------+-------+-------+-------+----------------------
